 Dungeon Crawl Stone Soup version 0.24.0-41-g2ae2f7f1be (webtiles) character file.

Game seed: 15743935134837659973, levelgen mode: deterministic

418 Devinter the Chopper (level 7, -1/51 HPs)
             Began as a Human Wanderer on Dec 9, 2019.
             Was a Follower of Wu Jian.
             Killed from afar by an orc wizard (7 damage)
             ... with a magic dart
             ... on level 4 of the Dungeon.
             The game lasted 00:26:45 (3737 turns).

Devinter the Chopper (Human Wanderer)               Turns: 3737, Time: 00:26:45

Health: -1/51      AC:  7    Str: 14    XL:     7   Next: 16%
Magic:  11/11      EV: 15    Int: 13    God:    Wu Jian [*.....]
Gold:   179        SH:  0    Dex: 17    Spells: 6/11 levels left

rFire    . . .     SeeInvis .   x - +2 long sword (protect)
rCold    . . .     Gourm    .   (no shield)
rNeg     . . .     Faith    .   y - +0 leather armour
rPois    +         Spirit   .   (no helmet)
rElec    .         Reflect  .   w - +2 cloak {MR+}
rCorr    .         Harm     .   (no gloves)
MR       +....                  b - +0 pair of boots
Stlth    +++.......             (no amulet)
HPRegen  0.17/turn              p - ring of poison resistance
MPRegen  0.12/turn              (no ring)

@: agile
A: no striking features
a: Renounce Religion


You were on level 4 of the Dungeon.
You worshipped Wu Jian.
Wu Jian was aware of your devotion.
You were very hungry.

You visited 1 branch of the dungeon, and saw 4 of its levels.

You collected 179 gold pieces.

Inventory:

Hand Weapons
 a - a +0 hand axe
 u - a +2 quarterstaff of chaos
 x - a +2 long sword of protection (weapon)
 A - a +1 great sword
Missiles
 m - 46 arrows
 o - 13 bolts
Armour
 b - a +0 pair of boots (worn)
 c - a +0 ring mail
 t - a +0 plate armour
 w - a +2 cloak of magic resistance (worn)
 y - a +0 leather armour (worn)
Jewellery
 p - a ring of poison resistance (left hand)
Scrolls
 e - 2 scrolls of enchant weapon
 f - a scroll of magic mapping {unknown}
 g - 2 scrolls of enchant armour {unknown}
 i - 2 scrolls of identify
 k - a scroll of random uselessness {unknown}
 l - a scroll of blinking {unknown}
 n - 2 scrolls of immolation {unknown}
 s - 2 scrolls of teleportation {unknown}
 v - 3 scrolls of remove curse {unknown}
Potions
 h - a potion of agility
 j - a potion of degeneration {unknown}
 q - a potion of cancellation {unknown}
Comestibles
 d - 6 rations


   Skills:
 + Level 2.6 Fighting
 + Level 1.2 Long Blades
 - Level 4.0 Axes
 - Level 3.0 Armour
 - Level 1.0 Stealth
 + Level 2.7 Spellcasting
 + Level 2.6 Conjurations
 - Level 2.0 Translocations
   Level 2.0 Air Magic
   Level 1.0 Evocations


You had 6 spell levels left.
You knew the following spells:

 Your Spells              Type           Power        Failure   Level  Hunger
a - Magic Dart            Conj           #...         10%         1    #......
b - Blink                 Tloc           N/A          19%         2    ###....
c - Call Imp              Summ           #.......     41%         2    ###....

Your spell library contained the following spells:

 Spells                   Type           Power        Failure   Level  Hunger
 Slow                     Hex            #.......     41%         2    ###....
 Mephitic Cloud           Conj/Pois/Air  #.......     41%         3    ###....
 Conjure Flame            Conj/Fire      #.......     45%         3    ###....


Dungeon Overview and Level Annotations

Branches:
Dungeon (4/15)
 Temple: D:4-7

Altars:
Ashenzari
Ru
Vehumet
Wu Jian

Annotations:
D:2 Sigmund


Message History

The orc wizard is severely wounded.
The orc wizard misses you. The orc wizard barely misses you.
The orc wizard gestures wildly while chanting.
The orc wizard blinks!
The orc wizard hits you but does no damage.
You hit the orc wizard.
The orc wizard is almost dead.
The orc wizard hits you but does no damage. x2
You hit the orc wizard.
You kill the orc wizard!
The Council accepts your kill.
The orc wizard gestures wildly while chanting.
The orc wizard seems to speed up.
Things that are here:
a +0 leather armour; an orc corpse
Okay, then.
You aren't carrying any items that you can evoke.
The orc wizard gestures at you while chanting.
The magic dart hits you!
You die...

.. #......... ....##....# ...
#.......o. ....).....# #.S.
.......(. ...........## #...#..
...... ......###.....# #..###.#
#.... ......###...#.# .....#.#
#..# ##...........#..
####.#.#####..####.............#.
#.⌠#......†..)..#...............#
...#..........†o@................
..###.#.......).)...............#
..#...#.........................#
..'...'.........................#
..#...#..........#.............##
..####......#...###.....#.....##
...#.....######## #############
#.⌠#.....# ##.#...###


You could see an orc wizard.

Vanquished Creatures
  Blork the orc (D:4)
  A hound (D:4)
  Crazy Yiuf (D:3)
  4 orc wizards (D:4)
  Natasha (D:4)
  A worker ant (D:3)
  5 adders
  3 oozes
  3 worms
  3 dart slugs (D:1)
  2 leopard geckos
  4 orcs (D:4)
  A ball python (D:3)
  5 bats
  7 goblins
  6 hobgoblins
  3 jackals (D:4)
  A quokka (D:3)
  5 frilled lizards
  6 kobolds
  11 rats
74 creatures vanquished.

Notes
Turn   | Place    | Note
-------+----------+-------------------------------------------
     0 | D:1      | Devinter the Human Wanderer began the quest for the Orb.
     0 | D:1      | Devinter set off with the following items: a +0 hand axe, a
                  | +0 ring mail, a ration; and the following spell memorised:
                  | Magic Dart; and the following spells available to memorise:
                  | Blink, Call Imp, Slow, Mephitic Cloud, Conjure Flame
     0 | D:1      | Reached XP level 1. HP: 13/13 MP: 2/2
    96 | D:1      | Reached XP level 2. HP: 12/20 MP: 0/3
   456 | D:1      | Reached XP level 3. HP: 20/25 MP: 5/5
   488 | D:1      | Reached skill level 1 in Fighting
   567 | D:1      | Reached skill level 1 in Conjurations
   924 | D:2      | Reached XP level 4. HP: 22/32 MP: 6/6
   970 | D:2      | Learned a level 2 spell: Blink
   973 | D:2      | Learned a level 2 spell: Call Imp
   974 | D:2      | Noticed Sigmund
  1138 | D:2      | Found an ornate altar of the Wu Jian Council.
  1153 | D:2      | Became a worshipper of the Wu Jian Council
  1295 | D:2      | Reached skill level 3 in Axes
  1700 | D:2      | Found a sacrificial altar of Ru.
  2220 | D:3      | Reached XP level 5. HP: 34/37 MP: 7/7
  2741 | D:3      | Reached skill level 2 in Spellcasting
  3068 | D:3      | Found a runed translucent door.
  3069 | D:3      | Noticed Crazy Yiuf
  3086 | D:3      | HP: 3/38 [Crazy Yiuf/+2 quarterstaff of chaos (3)]
  3091 | D:3      | Killed Crazy Yiuf
  3091 | D:3      | Reached skill level 1 in Translocations
  3405 | D:4      | Found a radiant altar of Vehumet.
  3438 | D:4      | Reached XP level 6. HP: 40/44 MP: 9/9
  3441 | D:4      | Reached skill level 2 in Fighting
  3441 | D:4      | Reached skill level 2 in Conjurations
  3459 | D:4      | Reached skill level 4 in Axes
  3645 | D:4      | Found a shattered altar of Ashenzari.
  3662 | D:4      | Noticed Blork the orc
  3663 | D:4      | Noticed Natasha
  3676 | D:4      | Killed Blork the orc
  3704 | D:4      | Reached * piety under Wu Jian
  3712 | D:4      | Reached skill level 2 in Translocations
  3722 | D:4      | Killed Natasha
  3722 | D:4      | Reached skill level 1 in Long Blades
  3722 | D:4      | Reached XP level 7. HP: 9/51 MP: 9/11
  3725 | D:4      | HP: 4/51 [orc wizard/+0 dagger (2)]
  3737 | D:4      | Killed from afar by an orc wizard

Levels and vault maps discovered:
D:1:      lemuel_arrival_river_ford, layout_loops_ring, minmay_misc_feat_five
D:2:      wander_river, layout_rooms, marbit_many_paths,
          overflow_temple_1_default, uniq_sigmund
D:3:      layout_basic, first_ration, uniq_crazy_yiuf_cottage
D:4:      minmay_octagon_keep, layout_rooms, evilmike_ruin_ashenzari,
          overflow_temple_1_default, kennysheep_generic_room_8,
          uniq_blork_the_orc, uniq_natasha

Skill      XL: |  1  2  3  4  5  6 |
---------------+-------------------+-----
Fighting       | 1 2 |  2.6
Conjurations   | 1 2 |  2.6
Axes           | 3 4 |  4.0
Spellcasting   | 2 |  2.7
Translocations | 1 2 |  2.0
Long Blades    | 1 |  1.2
Armour         | |  3.0
Stealth        | |  1.0
Air Magic      | |  2.0
Evocations     | |  1.0

Action                   |  1- 3 |  4- 6 |  7- 9 || total
-------------------------+-------+-------+-------++-------
Melee: Hand axe          |   100 |   138 |       ||   238
       Quarterstaff      |       |    18 |       ||    18
       Long sword        |       |    45 |    10 ||    55
 Cast: Magic Dart        |     6 |     5 |       ||    11
Invok: Lunge             |       |    12 |       ||    12
       Whirlwind         |       |    11 |     2 ||    13
  Use: Scroll            |       |     2 |       ||     2
       Potion            |       |     2 |       ||     2
 Stab: Invisible         |       |     2 |       ||     2
  Eat: Chunk             |       |     9 |       ||     9
Armor: Ring mail         |    37 |    61 |       ||    98
       Leather armour    |       |    35 |    11 ||    46
Dodge: Dodged            |    45 |   155 |    12 ||   212
       Rpst.: Long sword |       |    22 |     3 ||    25
